 Dungeon Crawl Stone Soup version 0.24.0-123-gd5b16e6ec5 (webtiles) character file.

Game seed: 8296593249195597357, levelgen mode: deterministic

552 Curus the Cruncher (level 7, -1/40 HPs)
             Began as a Gargoyle Gladiator on Jan 24, 2020.
             Killed by divine providence
             ... invoked by an orc priest
              (13 damage)
             ... on level 4 of the Dungeon.
             The game lasted 00:10:53 (2478 turns).

Curus the Cruncher (Gargoyle Gladiator)             Turns: 2478, Time: 00:10:53

Health: -1/40      AC: 16    Str: 17    XL:     7   Next: 29%
Magic:  7/7        EV:  5    Int:  9    God:
Gold:   201        SH:  0    Dex: 13    Spells: 6/6 levels left

rFire    . . .     SeeInvis .   a - +1 quarterstaff
rCold    . . .     Gourm    .   (shield currently unavailable)
rNeg     + . .     Faith    .   g - +0 plate armour
rPois    ∞         Spirit   .   c - +0 helmet
rElec    +         Reflect  .   (no cloak)
rCorr    .         Harm     .   m - +0 pair of gloves
MR       +....     Clarity  +   (no boots)
Stlth    ..........             (no amulet)
HPRegen  0.13/turn              (no ring)
MPRegen  0.10/turn              (no ring)

@: no status effects
A: blink, clarity, magic resistance 1, negative energy resistance 1, electricity
resistance, unbreathing, petrification resistance, rot immunity, AC +4
a: Blink


You were on level 4 of the Dungeon.
You were not hungry.

You visited 1 branch of the dungeon, and saw 4 of its levels.

You collected 201 gold pieces.

Inventory:

Hand Weapons
 a - a +1 quarterstaff (weapon)
Missiles
 d - 3 throwing nets (quivered)
Armour
 b - a +0 leather armour
 c - a +0 helmet (worn)
 e - a +0 chain mail
 g - a +0 plate armour (worn)
 m - a +0 pair of gloves (worn)
Jewellery
 j - a -5 ring of intelligence
Wands
 o - a wand of digging (4)
Scrolls
 h - 4 scrolls of identify
 l - a scroll of teleportation
Potions
 i - a potion of curing
 k - 2 potions of mutation
 p - a potion of flight
Comestibles
 f - 9 rations
 n - a chunk of flesh


   Skills:
 - Level 2.1 Fighting
 + Level 8.2 Staves
 - Level 1.7 Throwing
 - Level 2.4 Dodging


You had 6 spell levels left.
You didn't know any spells.
Your spell library contained the following spells:

 Spells                   Type           Power        Failure   Level  Hunger
 Animate Skeleton         Necr           N/A          100%        1    ##.....
 Apportation              Tloc           #.....       100%        1    ##.....
 Confusing Touch          Hex            #.....       100%        1    ##.....
 Summon Small Mammal      Summ           #...         100%        1    ##.....


Dungeon Overview and Level Annotations

Branches:
Dungeon (4/15)
 Temple: D:4-7

Altars:
Ashenzari
Nemelex Xobeh
Wu Jian


Innate Abilities, Weirdness & Mutations

You are resistant to torment.
Your stone body is resilient. (AC +4)
You are immune to poison.
You resist negative energy. (rN+)
You are resistant to electric shocks. (rElec)
You can survive without breathing.
You are immune to petrification.
You are immune to rotting.
You can translocate small distances at will.
You possess an exceptional clarity of mind.
You are resistant to hostile enchantments. (MR+)


Message History

Your plate armour prevents you from hitting the orc priest.
The orc priest is moderately wounded.
The orc priest calls upon Beogh to heal the orc priest.
The orc priest's wounds heal themselves!
The orc priest hits you.
You hit the orc priest but do no damage.
The orc priest looks encouraged for a moment.
The orc priest hits you.
You hit the orc priest.
The orc priest is heavily wounded.
You sock the orc priest!
You kill the orc priest!
The orc priest hits you.
* * * LOW HITPOINT WARNING * * *
An orc priest comes into view. It is wielding a +0 club.
Unknown command.
You hit the orc priest but do no damage.
The orc priest mumbles some strange prayers to Beogh against you.
Beogh smites you!
You die...

####....###.....
#.......##....
###.###.#.# #...
#...###.#.# #..
#.#)....#.# #+
#...#####.#
##..# #.#
#..#####.#
#)@......#
#o######## #.#
#o# #.. ###


You could see 2 orc priests.

Vanquished Creatures
  Grinder (D:3)
  3 orc priests (D:4)
  Terence (D:2)
  Jessica (D:3)
  3 orc wizards (D:4)
  A worker ant (D:4)
  7 adders
  2 worms
  A leopard gecko (D:1)
  4 orcs (D:4)
  3 bats
  7 goblins
  6 hobgoblins
  8 jackals
  3 quokkas
  4 frilled lizards
  6 kobolds
  3 rats
64 creatures vanquished.

Notes
Turn   | Place    | Note
-------+----------+-------------------------------------------
     0 | D:1      | Curus the Gargoyle Gladiator began the quest for the Orb.
     0 | D:1      | Reached XP level 1. HP: 12/12 MP: 1/1
   245 | D:1      | Reached XP level 2. HP: 17/17 MP: 2/2
   699 | D:2      | Noticed Terence
   713 | D:2      | Killed Terence
   713 | D:2      | Reached skill level 4 in Staves
   713 | D:2      | Reached XP level 3. HP: 21/21 MP: 3/3
   828 | D:2      | Gained mutation: You are resistant to hostile enchantments.
                  | (MR+) [potion of mutation]
   828 | D:2      | Gained mutation: You possess an exceptional clarity of
                  | mind. [potion of mutation]
   828 | D:2      | Gained mutation: You can translocate small distances at
                  | will. [potion of mutation]
   878 | D:2      | Reached XP level 4. HP: 26/26 MP: 4/4
   966 | D:2      | Reached skill level 5 in Staves
  1128 | D:2      | Found a shattered altar of Ashenzari.
  1128 | D:2      | Found an ornate altar of the Wu Jian Council.
  1467 | D:3      | Noticed Grinder
  1486 | D:3      | Noticed Jessica
  1496 | D:3      | Killed Grinder
  1496 | D:3      | Reached skill level 6 in Staves
  1496 | D:3      | Reached XP level 5. HP: 6/30 MP: 5/5
  1496 | D:3      | Reached XP level 6. HP: 7/35 MP: 6/6
  1498 | D:3      | Killed Jessica
  1498 | D:3      | Reached skill level 7 in Staves
  1738 | D:3      | Found a sparkling altar of Nemelex Xobeh.
  2395 | D:4      | Reached XP level 7. HP: 39/40 MP: 7/7
  2471 | D:4      | Reached skill level 8 in Staves
  2478 | D:4      | Killed from afar by an orc priest

Levels and vault maps discovered:
D:1:      dpeg_arrival_chase, layout_loops_ring, minmay_pentomino_w2
D:2:      layout_loops_cross, gammafunk_temple_overflow_wave, uniq_terence
D:3:      layout_rooms, nemelex_xobeh_ov_fountains_minmay, uniq_jessica,
          uniq_grinder
D:4:      layout_loops_corners, kennysheep_little_box, serial_shops,
          nicolae_shop_stone, kennysheep_generic_room_3

Skill      XL: |  1  2  3  4  5  6  7 |
---------------+----------------------+-----
Staves         | 4 6 7 8 |  8.2
Fighting       | |  2.1
Throwing       | |  1.7
Dodging        | |  2.4

Action                   |  1- 3 |  4- 6 |  7- 9 || total
-------------------------+-------+-------+-------++-------
Melee: Quarterstaff      |    57 |   155 |    51 ||   263
  Use: Scroll            |     3 |     3 |       ||     6
       Potion            |     4 |     1 |       ||     5
  Eat: Chunk             |       |     5 |       ||     5
Armor: Plate armour      |    28 |   140 |    36 ||   204
       Chain mail        |     2 |       |       ||     2
Dodge: Dodged            |    14 |    48 |     9 ||    71
